 Dungeon Crawl Stone Soup version 0.28.0-53-g5a82cb258f (webtiles) character file.

Game seed: 7262030251095296643

2071 DildoBatman the Blocker (level 9, -5/61 (63) HPs)
             Began as a Formicid Conjurer on July 15, 2022.
             Slain by an orc warrior
             ... wielding a +0 flail
              (16 damage)
             ... in the Ecumenical Temple.
             The game lasted 00:27:02 (7096 turns).

DildoBatman the Blocker (Formicid Conjurer)         Turns: 7096, Time: 00:27:03

HP:   -5/61 (63)    AC:  2    Str: 12    XL:     9   Next: 50%
MP:   19/19         EV: 16    Int: 18    God:
Gold: 353           SH:  0    Dex: 13    Spells: 19/22 levels left

rFire   . . .      SeeInvis +   a - +2 short sword (drain)
rCold   . . .      Faith    +   (no shield)
rNeg    + . .      Spirit   .   s - +0 robe
rPois   .          Reflect  .   (helmet unavailable)
rElec   .          Harm     .   f - scarf {+Inv}
rCorr   .          Rampage  .   (no gloves)
Will    .....                   (no boots)
Stlth   ++........              g - amulet of faith
HPRegen 0.20/turn               e - +4 ring of evasion
MPRegen 0.16/turn               m - ring of positive energy

@: lightly drained
A: permanent stasis, dig shafts and tunnels, antennae 3, four strong arms
a: Dig, Evoke Invisibility


You were in the Ecumenical Temple.
You visited 2 branches of the dungeon, and saw 8 of its levels.
You also visited: Ossuary.

You collected 353 gold pieces.

Inventory:

Hand Weapons
 a - a +2 short sword of draining (weapon)
 b - a +0 hunting sling
 c - a +1 trident of flaming
 t - a +2 flail of protection
 I - a +3 vorpal halberd
Missiles
 d - 103 arrows
 j - 100 stones
 p - 20 sling bullets
 u - 19 bolts
 x - a boomerang
 F - 7 poisoned darts
Armour
 f - a scarf of invisibility (worn)
 k - a +0 tower shield
 q - a +0 pair of gloves
 s - a +0 robe (worn)
 A - a +0 kite shield
Jewellery
 e - a +4 ring of evasion (left hand)
 g - an amulet of faith (around neck)
 i - an amulet of regeneration
 m - a ring of positive energy (right hand)
Wands
 v - a wand of iceblast (25)
 E - a wand of charming (2)
Scrolls
 h - 3 scrolls of enchant weapon
 w - 3 scrolls of fear
 y - a scroll of amnesia
 z - 2 scrolls of enchant armour
 C - 2 scrolls of fog
Potions
 l - 3 potions of curing
 n - 2 potions of mutation {unknown}
 o - 2 potions of might {unknown}
 r - 2 potions of attraction {unknown}
 B - a potion of resistance {unknown}
 D - 2 potions of brilliance {unknown}
 G - a potion of heal wounds {unknown}
 H - 2 potions of flight {unknown}
 J - a potion of berserk rage {unknown}


   Skills:
 - Level 3.0 Fighting
 - Level 3.0 Armour
 - Level 2.0 Dodging
 - Level 2.4 Stealth
 * Level 8.5 Shields
 - Level 7.0 Spellcasting
 - Level 6.0 Conjurations


You had 19 spell levels left.
You knew the following spells:

 Your Spells              Type           Power      Damage    Failure   Level
a - Searing Ray           Conj           54%        2d6       1%          2
c - Magic Dart            Conj           100%       1d8       1%          1

Your spell library contained the following spells:

 Spells                   Type           Power      Damage    Failure   Level
 Dazzling Flash           Conj/Hex       34%        N/A       10%         3
 Fulminant Prism          Conj/Hex       8%         3d7       30%         4
 Iskenderun's Mystic Bla  Conj/Tloc      17%        2d5       30%         4


Dungeon Overview and Level Annotations

Branches:
Dungeon (7/15)             Temple (1/1) D:7         Ossuary (visited)

Altars:
Ashenzari
Cheibriados
Elyvilon
Fedhas
Hepliaklqana
Makhleb
Nemelex Xobeh
Okawaru
Qazlal
Ru
Uskayaw
Wu Jian
Xom
Yredelemnul
Zin
The Shining One

Annotations:
D:3 Menkaure
D:4 exclusions: black bear and orc warrior
D:5 exclusions: orc warrior, sensed monster (detected), water moccasin, worm and 1 more exclusion
D:6 exclusions: black bear, troll and 1 more exclusion


Innate Abilities, Weirdness & Mutations

You cannot be hasted, slowed, berserked, paralysed or teleported.
You can dig through walls and to a lower floor.
You have a pair of large antennae on your head. (SInv)
Your four strong arms can wield two-handed weapons with a shield.


Message History

There is a staircase back to the Dungeon here.
You open the gate.
The orc warrior hits you with a +0 flail!
Found a broken altar of Ashenzari and an ornate altar of the Wu Jian Council.
Found a snail-covered altar of Cheibriados and a stormy altar of Qazlal.
There is an open gate here.
Found a glowing golden altar of the Shining One.
Found a sparkling altar of Nemelex Xobeh and a white marble altar of Elyvilon.
Found a blossoming altar of Fedhas and an iron altar of Okawaru.
There is a glowing golden altar of the Shining One here.
There is a fountain of clear blue water here.
The orc warrior barely misses you.
The orc warrior hits you with a +0 flail!
There is an open gate here.
Aiming: Charm
Press: ? - help, Shift-Dir - straight line, f - orc warrior
Aim: an orc warrior, wielding a +0 flail, wearing a +0 chain mail and wearing an amulet of regeneration (chance to affect: 49%)
The orc warrior resists with some effort.
The orc warrior hits you with a +0 flail!!
Aiming: Charm
Press: ? - help, Shift-Dir - straight line, f/p - orc warrior
Aim: an orc warrior, wielding a +0 flail, wearing a +0 chain mail and wearing an amulet of regeneration (chance to affect: 49%)
The orc warrior resists with some effort.
The orc warrior misses you.
Aiming: Charm
Press: ? - help, Shift-Dir - straight line, f/p - orc warrior
Aim: an orc warrior, wielding a +0 flail, wearing a +0 chain mail and wearing an amulet of regeneration (chance to affect: 49%)
The orc warrior resists with some effort.
The orc warrior hits you with a +0 flail!!
Aiming: Charm
Press: ? - help, Shift-Dir - straight line, f/p - orc warrior
Aim: an orc warrior, wielding a +0 flail, wearing a +0 chain mail and wearing an amulet of regeneration (chance to affect: 49%)
The orc warrior resists with some effort.
The orc warrior closely misses you.
Aiming: Charm
Press: ? - help, Shift-Dir - straight line, f/p - orc warrior
Aim: an orc warrior, wielding a +0 flail, wearing a +0 chain mail and wearing an amulet of regeneration (chance to affect: 49%)
The orc warrior resists with some effort.
The orc warrior hits you with a +0 flail!
You die...

....#######..♣..♣..≈≈≈≈≈
..###.....###........≈≈≈
###..._.....###.......≈≈
#........._...##.......≈
..._........_..#.......≈
......._.⌠.....#.......≈
..._........_..#......≈≈
#........._...##o......≈
###..._.....###.@.....≈≈
..###.....###.......≈≈≈≈
....#######....<....≈≈≈≈
P.................≈≈≈≈≈≈
..................≈≈≈≈≈≈
.................≈≈≈≈≈≈≈
......≈.≈.≈.≈≈..≈≈≈≈≈≈≈≈
≈≈≈≈≈≈≈≈≈≈≈≈≈≈≈≈≈≈≈≈≈≈≈≈
≈≈≈≈≈≈≈≈≈≈≈≈≈≈≈≈≈≈≈≈≈≈≈


You could see an orc warrior.

Vanquished Creatures
  A water moccasin (D:7)
  2 necrophages
  2 centaurs
  2 ogres
  An elf zombie (Ossuary)
  2 bullfrogs
  5 scorpions
  A wyvern zombie (D:7)
  A wyvern skeleton (D:7)
  A wight (D:7)
  A centaur zombie (D:7)
  6 hounds
  An orc priest (D:6)
  2 centaur skeletons
  4 iguanas
  4 orc wizards
  A killer bee zombie (D:6)
  A hound skeleton (D:5)
  3 mummies (Ossuary)
  5 adders
  3 gnolls (D:2)
  2 shadow imps (D:7)
  2 ufetubi
  5 adder zombies (Ossuary)
  4 dart slugs
  15 orcs
  5 endoplasms
  2 giant cockroaches
  9 hobgoblins
  3 jackals (D:5)
  5 kobolds
  4 quokkas
  10 ball pythons
  7 bats
  2 frilled lizards (D:1)
  8 goblins
  2 goblin zombies (Ossuary)
  4 hobgoblin zombies (Ossuary)
  A kobold zombie (Ossuary)
  2 quokka zombies (Ossuary)
  3 rats
  3 rat zombies (Ossuary)
147 creatures vanquished.

Notes
Turn   | Place    | Note
-------+----------+-------------------------------------------
     0 | D:1      | DildoBatman the Formicid Conjurer began the quest for the
                  | Orb.
     0 | D:1      | Reached XP level 1. HP: 13/13 MP: 3/3
   129 | D:1      | Reached XP level 2. HP: 10/20 MP: 1/5
   134 | D:1      | Learned a level 2 spell: Searing Ray
   399 | D:1      | Reached skill level 1 in Fighting
   428 | D:1      | Reached skill level 1 in Armour
   428 | D:1      | Reached XP level 3. HP: 25/25 MP: 2/6
   919 | D:2      | Reached XP level 4. HP: 32/32 MP: 3/8
  1495 | D:2      | Reached XP level 5. HP: 24/36 MP: 7/9
  2062 | D:3      | Found a hazy altar of Hepliaklqana.
  2303 | D:3      | Found a sacrificial altar of Ru.
  2303 | D:3      | Found a burning altar of Makhleb.
  2305 | D:3      | Found a hide-covered altar of Uskayaw.
  2307 | D:3      | Found a glowing silver altar of Zin.
  2307 | D:3      | Found a basalt altar of Yredelemnul.
  2381 | D:4      | Reached XP level 6. HP: 42/46 MP: 4/11
  2428 | D:4      | Noticed Menkaure
  2940 | D:4      | Reached XP level 7. HP: 34/52 MP: 3/12
  3204 | D:5      | Entered Level 5 of the Dungeon
  3218 | D:4      | Reached skill level 5 in Conjurations
  3466 | D:5      | Noticed a water moccasin
  3614 | D:5      | Reached skill level 5 in Spellcasting
  3681 | D:5      | Reached XP level 8. HP: 31/58 MP: 7/16
  3959 | D:5      | Noticed a yak
  3959 | D:5      | Noticed a yak
  3959 | D:5      | Noticed a yak
  3959 | D:5      | Noticed a yak
  3959 | D:5      | Noticed a yak
  3969 | D:5      | Found a shimmering altar of Xom.
  4026 | D:5      | Noticed a yak
  4336 | D:6      | HP: 1/58 [scorpion (6)]
  4339 | D:6      | Reached skill level 2 in Shields
  4407 | D:6      | Found a sand-covered staircase.
  4475 | D:6      | Reached skill level 3 in Shields
  4498 | Ossuary  | Entered an ossuary
  4815 | Ossuary  | Reached skill level 4 in Shields
  4986 | D:6      | Reached skill level 5 in Shields
  4986 | D:6      | Reached XP level 9. HP: 63/63 MP: 11/19
  5191 | D:6      | Reached skill level 6 in Shields
  5648 | D:7      | Noticed a boulder beetle
  6035 | D:7      | Reached skill level 7 in Shields
  6148 | D:7      | Noticed a troll
  6461 | D:7      | Reached skill level 8 in Shields
  6970 | D:7      | Found a staircase to the Ecumenical Temple.
  6977 | Temple   | Entered the Ecumenical Temple
  7096 | Temple   | Slain by an orc warrior

Illustrated notes

Levels and vault maps discovered:
D:1:      co_arrival_square_in_a_square_in_a_square, layout_basic, minivault_26
D:2:      layout_basic
D:3:      layout_rooms, old_standard_altar, nicolae_overflow_hidden_temple,
          st_stairs_7, grunt_ministairs_6, hangedman_decor_points
D:4:      layout_rooms, st_stairs_5, uniq_menkaure
D:5:      layout_gridville, mainiacjoe_overflow_24_doors
D:6:      layout_rooms, enter_ossuary_1
D:7:      minmay_the_grid_square_5x5_3x3 [minmay_the_grid_square_5x5_z,
          minmay_the_grid_square_5x5_c, minmay_the_grid_square_5x5_spiral,
          minmay_the_grid_square_5x5_lines,
          minmay_the_grid_square_5x5_megaprize_diamond,
          minmay_the_grid_square_5x5_meh, minmay_the_grid_square_5x5_inner_v,
          minmay_the_grid_square_5x5_checkered_sparse,
          minmay_the_grid_square_5x5_sharp_hourglass], layout_cave_pools,
          minmay_temple_entry_offerings, serial_co_window_serial,
          co_window_paths_b, co_window_corner_a, co_window_of_opportunity_a,
          co_window_of_opportunity_a, co_window_of_opportunity_a,
          co_window_corner_b, co_window_of_opportunity_b,
          co_window_of_opportunity_b, co_window_2corner, glass_columns_a,
          glass_columns_b, glass_columns_b, glass_columns_b, grunt_ministairs_4,
          st_stairs_1, eino_small_chamber_without_monster,
          nicolae_specific_store, uniq_prince_ribbit1
Temple:   jpeg_temple_island

Skill      XL: |  1  2  3  4  5  6  7  8  9 |
---------------+----------------------------+-----
Dodging        | 2 |  2.0
Fighting       | 1 2 3 |  3.0
Armour         | 1 2 3 |  3.0
Conjurations   | 4 6 |  6.0
Spellcasting   | 3 5 7 |  7.0
Shields        | 5 8 |  8.5
Stealth        | |  2.4

Action                   |  1- 3 |  4- 6 |  7- 9 || total
-------------------------+-------+-------+-------++-------
Melee: Club              |     8 |       |       ||     8
       Unarmed           |     2 |       |       ||     2
       Short sword       |    12 |    21 |    11 ||    44
       Trident           |     5 |     1 |    14 ||    20
       Punch             |     1 |       |       ||     1
       Halberd           |       |     1 |       ||     1
 Fire: Hunting sling     |       |       |    58 ||    58
       Shortbow          |       |       |     2 ||     2
 Cast: Magic Dart        |    26 |    38 |    24 ||    88
       Searing Ray       |     7 |    18 |    61 ||    86
 Abil: Dig               |     1 |     1 |     1 ||     3
Evoke: Wand              |       |       |     5 ||     5
  Use: Scroll            |       |     3 |     6 ||     9
       Potion            |       |       |     1 ||     1
 Stab: Sleeping          |     2 |     1 |     1 ||     4
Armor: Robe              |     4 |       |    15 ||    19
Dodge: Dodged            |    26 |    33 |   143 ||   202
